[Event "Titled Tuesday Blitz October 31 Early 2023"]
[White "KorolDimitriy75"]
[Black "kingapolak"]
[WhiteElo "2356"]
[BlackElo "2153"]
[Result "1-0"]
[Round "8"]
[TimeControl "180+1"]
[Date "2023.10.31"]
[WhiteClock "0:00:48"]
[BlackClock "0:00:09"]
[Board "154"]

1. d4 Nf6 2. c4 g6 3. Nc3 Bg7 4. e4 d6 5. Nf3 O-O 6. Be2 e5 7. dxe5 dxe5 8. Qxd8 Rxd8 9. Bg5 Nbd7 10. O-O-O Re8 11. Nb5 Nxe4 12. Nxc7 Nxf2 13. Nxe8 Nxh1 14. Rxh1 e4 15. Nd2 f5 16. Nxg7 Kxg7 17. g4 h6 18. Be3 Ne5 19. gxf5 Bxf5 20. Bd4 Kf6 21. Re1 Ke6 22. Bf1 Nc6 23. Bc3 Re8 24. Nxe4 Kf7 25. Nd6+ 1-0


[Site "https://www.chess.com"]

[Event "Titled Tuesday Blitz October 31 Early 2023"]
[White "leonidsh29"]
[Black "Cuevas Araya, Walter"]
[BlackFideId "3405028"]
[WhiteElo "2036"]
[BlackElo "2268"]
[Result "0-1"]
[Round "8"]
[TimeControl "180+1"]
[Date "2023.10.31"]
[WhiteClock "0:00:00"]
[BlackClock "0:01:28"]
[Board "155"]

1. d4 e5 2. d5 Bc5 3. Nc3 d6 4. Nf3 Nf6 5. e3 c6 6. dxc6 bxc6 7. Be2 O-O 8. O-O Bf5 9. Na4 Bb4 10. Bd2 Bxd2 11. Nxd2 d5 12. c4 Nbd7 13. Rc1 Rb8 14. b3 Ne4 15. Nxe4 dxe4 16. Nc3 Nc5 17. Qxd8 Rfxd8 18. Rcd1 Nd3 19. Bxd3 exd3 20. f3 Bg6 21. e4 f5 22. Rd2 fxe4 23. fxe4 Rd4 24. Rfd1 Rbd8 25. Kf2 Bxe4 26. Nxe4 Rxe4 27. Rxd3 Red4 28. Rxd4 exd4 29. c5 Rd5 30. Rc1 d3 31. Ke3 d2 32. Rd1 Rxc5 33. Rxd2 Ra5 34. Kd3 Kf7 35. Kc4 Ke6 36. b4 Rh5 37. h3 Rg5 38. a4 a6 39. Rc2 Kd6 40. Rd2+ Ke6 41. Rc2 h5 42. Rd2 h4 43. Rc2 Re5 44. Rd2 g5 45. Rc2 Kd6 46. Rd2+ Kc7 47. Rc2 g4 48. hxg4 Re4+ 49. Kc5 Rxg4 50. Rd2 Rg5+ 51. Kc4 Rg3 52. Rc2 Ra3 53. a5 Rg3 54. Rd2 Rg4+ 55. Kc3 c5 56. bxc5 Kc6 57. Rb2 Kxc5 58. Kd3 Ra4 59. Ke3 Rxa5 60. Kf4 Ra4+ 61. Kg5 a5 62. Rb5+ Kxb5 63. g3 hxg3 0-1


[Site "https://www.chess.com"]

[Event "Titled Tuesday Blitz October 31 Early 2023"]
[White "Bongo Akanga Ndjila, Barthelemy"]
[Black "campochess"]
[WhiteFideId "10609431"]
[WhiteElo "2030"]
[BlackElo "2178"]
[Result "0-1"]
[Round "8"]
[TimeControl "180+1"]
[Date "2023.10.31"]
[WhiteClock "0:00:00"]
[BlackClock "0:00:29"]
[Board "156"]

1. d4 Nf6 2. c4 g6 3. Nc3 d5 4. Nf3 Bg7 5. e3 O-O 6. Be2 dxc4 7. Bxc4 b6 8. O-O Bb7 9. e4 Nfd7 10. e5 e6 11. Bg5 Qc8 12. Rc1 c5 13. Nb5 Qc6 14. Nd6 cxd4 15. Bxe6 Nc5 16. Bc4 Qd7 17. b4 Ne6 18. Nxb7 Qxb7 19. Bxe6 fxe6 20. Nxd4 Re8 21. Re1 Nd7 22. Nc6 Nf8 23. b5 Rac8 24. a4 Rc7 25. Qf3 Rf7 26. Qa3 h6 27. Bd2 Nh7 28. Bb4 Rf5 29. Rcd1 Qf7 30. f3 Ng5 31. Re3 Rf4 32. Rdd3 Rc4 33. Re2 Qf4 34. Red2 Qh4 35. g3 Qh5 36. g4 Qh4 37. Kf1 Nh3 38. Rd8 Rxd8 39. Rxd8+ Kh7 40. Rd2 Nf4 41. Be7 Qh3+ 0-1


[Site "https://www.chess.com"]

[Event "Titled Tuesday Blitz October 31 Early 2023"]
[White "So, Wesley"]
[Black "Andreikin, Dmitry"]
[WhiteFideId "5202213"]
[BlackFideId "4158814"]
[WhiteElo "3111"]
[BlackElo "3106"]
[Result "1-0"]
[Round "9"]
[TimeControl "180+1"]
[Date "2023.10.31"]
[WhiteClock "0:00:08"]
[BlackClock "0:00:00"]
[Board "1"]

1. b3 Nf6 2. Bb2 g6 3. Nf3 Bg7 4. c4 O-O 5. g3 c5 6. Bg2 b6 7. d4 Bb7 8. d5 e6 9. O-O exd5 10. cxd5 Re8 11. Re1 d6 12. Nc3 Nbd7 13. Nd2 Ng4 14. Nc4 Nde5 15. Nxe5 Bxe5 16. Qd2 f5 17. h3 Nf6 18. f4 Bxc3 19. Qxc3 Kf7 20. e4 fxe4 21. Bxe4 b5 22. Bf3 b4 23. Qd2 Bc8 24. g4 Bd7 25. Rxe8 Qxe8 26. Re1 Qf8 27. f5 Re8 28. Re6 Bxe6 29. dxe6+ Kg8 30. g5 Nh5 31. Bxh5 Qxf5 32. Bg4 Qb1+ 33. Kh2 Qxa2 34. Kg3 Qxb3+ 35. Kh4 Rxe6 36. Qg2 Re8 37. Qc6 Qf7 38. Bf6 1-0


[Site "https://www.chess.com"]

[Event "Titled Tuesday Blitz October 31 Early 2023"]
[White "Pranav, V"]
[Black "Le, Tuan Minh"]
[WhiteFideId "25060783"]
[BlackFideId "12401153"]
[WhiteElo "3036"]
[BlackElo "2990"]
[Result "1-0"]
[Round "9"]
[TimeControl "180+1"]
[Date "2023.10.31"]
[WhiteClock "0:00:12"]
[BlackClock "0:00:01"]
[Board "2"]

1. e4 e5 2. Nf3 Nc6 3. Bb5 a6 4. Ba4 Bc5 5. O-O Nge7 6. c3 Ng6 7. d4 Ba7 8. Bg5 f6 9. Be3 O-O 10. Nbd2 Kh8 11. Re1 d6 12. h3 exd4 13. cxd4 Nce7 14. d5 Bxe3 15. fxe3 c5 16. dxc6 bxc6 17. Rc1 d5 18. Nd4 Ne5 19. N2f3 Nxf3+ 20. Qxf3 Rb8 21. Bxc6 dxe4 22. Bxe4 Rb5 23. Nxb5 axb5 24. Red1 Qb6 25. Qf4 Ng6 26. Bxg6 hxg6 27. Kh2 Re8 28. Rc7 g5 29. Qg3 Bf5 30. Rc3 b4 31. Qc7 Qe6 32. Rc5 Bg6 33. Rd8 Rxd8 34. Qxd8+ Kh7 35. Qd4 Be4 36. a3 b3 37. a4 f5 38. Rc7 Qg6 39. Qe5 g4 40. h4 Qh6 41. g3 Kg8 42. a5 Bd3 43. Qd5+ Kh7 44. Qxd3 Qf6 45. Qe2 Qd6 46. Rc1 Qe5 47. a6 Qa5 48. Rf1 Kg6 49. e4 1-0


[Site "https://www.chess.com"]

[Event "Titled Tuesday Blitz October 31 Early 2023"]
[White "Le, Quang Liem"]
[Black "Daneshvar, Bardiya"]
[WhiteFideId "12401137"]
[BlackFideId "12576468"]
[WhiteElo "3033"]
[BlackElo "2962"]
[Result "1-0"]
[Round "9"]
[TimeControl "180+1"]
[Date "2023.10.31"]
[WhiteClock "0:00:44"]
[BlackClock "0:00:49"]
[Board "3"]

1. Nf3 Nf6 2. c4 b6 3. g3 Bb7 4. Bg2 g6 5. d4 Bg7 6. d5 O-O 7. Nc3 Na6 8. e4 Nc5 9. Nd4 e5 10. Nb3 d6 11. O-O Bc8 12. h3 h5 13. Be3 h4 14. Bg5 hxg3 15. Nxc5 Qe8 16. Bxf6 Bxf6 17. fxg3 Qe7 18. Nd3 Kg7 19. h4 Rh8 20. Nf2 Bxh4 21. gxh4 Qxh4 22. Re1 Rh5 23. Re3 Bd7 24. Qf3 Rg5 25. Nh3 Rg4 26. Qf2 Qe7 27. Rg3 Rh8 28. Rxg4 Bxg4 29. Qg3 f5 30. exf5 Bxf5 31. Rf1 Rh5 32. Ne4 Qh4 33. Qxh4 Rxh4 34. Nhg5 Kh6 35. Kf2 Rg4 36. Rh1+ 1-0


[Site "https://www.chess.com"]

[Event "Titled Tuesday Blitz October 31 Early 2023"]
[White "Terry, Renato"]
[Black "Nakamura, Hikaru"]
[WhiteFideId "3803457"]
[BlackFideId "2016192"]
[WhiteElo "3031"]
[BlackElo "3226"]
[Result "0-1"]
[Round "9"]
[TimeControl "180+1"]
[Date "2023.10.31"]
[WhiteClock "0:00:00"]
[BlackClock "0:00:16"]
[Board "4"]

1. d4 Nf6 2. Nf3 d5 3. c4 g6 4. Nc3 Bg7 5. Bg5 Ne4 6. cxd5 Nxg5 7. Nxg5 e6 8. Qd2 exd5 9. Qe3+ Kf8 10. Qf4 Bf6 11. h4 c6 12. g4 h6 13. Nf3 Be6 14. Bg2 Nd7 15. O-O-O Qb8 16. Qxb8+ Rxb8 17. g5 Be7 18. Rdg1 Kg7 19. e3 Bg4 20. Nh2 Bf5 21. f4 Bb4 22. Nf3 Bxc3 23. bxc3 Be4 24. Rh3 Bxf3 25. Bxf3 hxg5 26. Rxg5 Rbe8 27. Kd2 Kf6 28. h5 Rh6 29. Rhg3 Reh8 30. hxg6 fxg6 31. e4 dxe4 32. Bxe4 Nf8 33. Ke3 Rh3 34. Kf3 Rxg3+ 35. Rxg3 Rh1 36. Ke3 Rh2 37. Rg2 Rh3+ 38. Kd2 Rh6 39. Ke3 Ne6 40. Rg3 Nf8 41. a4 Rh2 42. Bg2 Rh5 43. Be4 Ra5 44. Bc2 Rh5 45. Bd1 Rh1 46. Bc2 Rh2 47. Bd1 Ne6 48. Bf3 Rh4 49. Rg4 Rh3 50. Ke4 Ng7 51. Rg1 Nf5 52. Rg2 a5 53. Rg1 b5 54. Rf1 Ng3+ 0-1


[Site "https://www.chess.com"]

[Event "Titled Tuesday Blitz October 31 Early 2023"]
[White "Theodorou, Nikolas"]
[Black "Mahdavi, Reza"]
[WhiteFideId "4262875"]
[BlackFideId "12595926"]
[WhiteElo "3015"]
[BlackElo "2924"]
[Result "0-1"]
[Round "9"]
[TimeControl "180+1"]
[Date "2023.10.31"]
[WhiteClock "0:01:08"]
[BlackClock "0:02:02"]
[Board "5"]

1. Nf3 Nf6 2. b3 e6 3. Bb2 d5 4. Rg1 c5 5. g4 d4 6. e3 Nc6 7. Bb5 Bd7 8. Qe2 a6 9. Bxc6 Bxc6 10. exd4 Qd5 11. Rg3 Bd6 12. c4 Qe4 13. dxc5 Bxg3 14. Qxe4 Bxe4 15. Ng5 Bf4 16. Bxf6 Bxb1 17. Rxb1 gxf6 18. Ne4 Ke7 19. Ke2 Rad8 20. d3 h5 21. h3 hxg4 22. hxg4 Rh3 23. Rd1 f5 24. gxf5 exf5 25. Nc3 Ke6 26. Na4 Be5 27. b4 Bd4 28. b5 axb5 29. cxb5 Ra8 30. c6 bxc6 0-1


[Site "https://www.chess.com"]

[Event "Titled Tuesday Blitz October 31 Early 2023"]
[White "Elsa167"]
[Black "Kovalev, Vladislav"]
[BlackFideId "13504398"]
[WhiteElo "2997"]
[BlackElo "2890"]
[Result "0-1"]
[Round "9"]
[TimeControl "180+1"]
[Date "2023.10.31"]
[WhiteClock "0:00:00"]
[BlackClock "0:00:06"]
[Board "6"]

1. d4 Nf6 2. c4 e6 3. Nf3 b6 4. Bf4 Bb7 5. e3 Bb4+ 6. Nfd2 O-O 7. a3 Bxd2+ 8. Qxd2 d6 9. Nc3 Nbd7 10. Bg5 h6 11. Bh4 Re8 12. f3 e5 13. Be2 Nf8 14. O-O Ng6 15. Bf2 e4 16. f4 Bc8 17. d5 a6 18. b4 Bf5 19. Rac1 Qd7 20. c5 dxc5 21. bxc5 bxc5 22. Rfd1 Bg4 23. h3 Bxe2 24. Qxe2 h5 25. Qc4 Qd6 26. Na4 c6 27. dxc6 Qxc6 28. Nxc5 Rac8 29. Qxa6 Qxa6 30. Nxa6 Rxc1 31. Rxc1 Ra8 32. Rc6 Ne7 33. Rb6 Kh7 34. Bh4 Nfd5 35. Rd6 f6 36. Bf2 Nc3 37. Rd7 Nf5 38. Nc5 Rxa3 39. g4 hxg4 40. hxg4 Nh6 41. Ne6 Ra6 42. Nxg7 Nxg4 43. Nf5+ Kh8 44. Rd8+ Kh7 45. Rd7+ Kg6 46. Nh4+ Kh6 47. Nf5+ Kg6 48. Ne7+ Kh6 49. f5 Kg5 50. Bg3 Ra1+ 51. Kg2 Nxe3+ 52. Kf2 Nxf5 53. Nxf5 Kxf5 54. Bh4 Ra2+ 55. Ke3 Re2+ 56. Kd4 Rd2+ 57. Kxc3 Rxd7 0-1


[Site "https://www.chess.com"]

[Event "Titled Tuesday Blitz October 31 Early 2023"]
[White "Mitrabha, Guha"]
[Black "Shimanov, Aleksandr"]
[WhiteFideId "5057000"]
[BlackFideId "4198603"]
[WhiteElo "2844"]
[BlackElo "2981"]
[Result "1-0"]
[Round "9"]
[TimeControl "180+1"]
[Date "2023.10.31"]
[WhiteClock "0:00:59"]
[BlackClock "0:00:00"]
[Board "7"]

1. Nf3 d5 2. c4 e6 3. g3 Nf6 4. Bg2 Be7 5. O-O O-O 6. d4 Nbd7 7. Qc2 c6 8. b3 b6 9. Nc3 Ba6 10. Rd1 Rc8 11. Bf4 Nh5 12. Bc1 Nhf6 13. Bf4 Nh5 14. Bc1 f5 15. a4 Nhf6 16. Ng5 dxc4 17. Nxe6 Qe8 18. Nxf8 Nxf8 19. a5 b5 20. bxc4 bxc4 21. Rb1 g6 22. d5 c5 23. d6 Bd8 24. Bg5 N8d7 25. Bxf6 Bxf6 26. Nd5 Bd8 27. Nf4 Kg7 28. Bd5 Rb8 29. Bxc4 Bc8 30. Ne6+ Kh6 31. Qd2+ g5 32. h4 Rxb1 33. Rxb1 Ne5 34. hxg5+ Kg6 35. Nf4+ Kg7 36. Bb5 Bd7 37. Bxd7 Qxd7 38. Qd5 Nc6 39. Ne6+ Kg6 40. Nf8+ 1-0


[Site "https://www.chess.com"]

[Event "Titled Tuesday Blitz October 31 Early 2023"]
[White "Chigaev, Maksim"]
[Black "Martinez Alcantara, Jose Eduardo"]
[WhiteFideId "4108116"]
[BlackFideId "3805662"]
[WhiteElo "2931"]
[BlackElo "3124"]
[Result "0-1"]
[Round "9"]
[TimeControl "180+1"]
[Date "2023.10.31"]
[WhiteClock "0:00:00"]
[BlackClock "0:00:29"]
[Board "8"]

1. e4 c5 2. Ne2 d6 3. g3 g6 4. Bg2 Bg7 5. c3 Nf6 6. O-O O-O 7. d4 Qc7 8. h3 e5 9. d5 b5 10. a4 b4 11. a5 Ba6 12. Re1 Nbd7 13. Qa4 Qb7 14. Be3 Rab8 15. Nd2 Rfc8 16. c4 Re8 17. b3 Kh8 18. Rf1 Nh5 19. Nf3 Nf8 20. Rad1 Qe7 21. g4 Nf6 22. Ng3 Bc8 23. Rfe1 h6 24. Qa2 Ng8 25. Qb1 Nh7 26. Qc1 Qd8 27. Qa1 Bf6 28. Bc1 Ng5 29. Nh2 Nh7 30. Bb2 a6 31. Rf1 Rb7 32. f4 exf4 33. Rxf4 Bxb2 34. Qxb2+ f6 35. h4 Qxa5 36. g5 Qd8 37. Rdf1 Rf7 38. e5 dxe5 39. R4f2 hxg5 40. Ne4 g4 41. Rd2 f5 42. Nxc5 Qb6 0-1


[Site "https://www.chess.com"]

[Event "Titled Tuesday Blitz October 31 Early 2023"]
[White "Kamsky, Gata"]
[Black "Paravyan, David"]
[WhiteFideId "2000024"]
[BlackFideId "4194985"]
[WhiteElo "2835"]
[BlackElo "3070"]
[Result "1/2-1/2"]
[Round "9"]
[TimeControl "180+1"]
[Date "2023.10.31"]
[WhiteClock "0:00:16"]
[BlackClock "0:00:06"]
[Board "9"]

1. e4 e5 2. Nf3 Nf6 3. Nxe5 d6 4. Nf3 Nxe4 5. Qe2 Qe7 6. Nc3 Nxc3 7. dxc3 Qxe2+ 8. Bxe2 Nc6 9. Bf4 h6 10. h3 Be6 11. O-O-O O-O-O 12. Nd4 Nxd4 13. cxd4 Be7 14. d5 Bf5 15. Bg4 Bxg4 16. hxg4 Bg5 17. Bxg5 hxg5 18. Rde1 Kd7 19. Kd2 Rh4 20. Rxh4 gxh4 21. Rh1 g5 22. g3 hxg3 23. fxg3 Re8 24. Kd3 Re5 25. c4 c6 26. dxc6+ bxc6 27. Rf1 Ke6 28. b4 a5 29. a3 axb4 30. axb4 d5 31. cxd5+ Rxd5+ 32. Kc3 f6 33. Ra1 f5 34. Ra6 Kd6 35. Ra5 fxg4 36. Rxd5+ Kxd5 37. Kd3 Kd6 38. Kd4 Kc7 39. Kc5 Kd7 40. Kc4 Ke6 41. Kc5 Kd7 42. Kc4 Kc8 43. Kc5 Kc7 44. b5 cxb5 45. Kxb5 Kd6 46. Kc4 Ke5 47. Kd3 Kd5 48. Ke3 Ke5 49. Kd3 Kd5 50. Ke3 Ke5 51. Kd3 1/2-1/2


[Site "https://www.chess.com"]

[Event "Titled Tuesday Blitz October 31 Early 2023"]
[White "Bluebaum, Matthias"]
[Black "Madaminov, Mukhiddin"]
[WhiteFideId "24651516"]
[BlackFideId "14210703"]
[WhiteElo "3060"]
[BlackElo "2861"]
[Result "1-0"]
[Round "9"]
[TimeControl "180+1"]
[Date "2023.10.31"]
[WhiteClock "0:01:15"]
[BlackClock "0:00:04"]
[Board "10"]

1. d4 Nf6 2. c4 g6 3. Nc3 d5 4. cxd5 Nxd5 5. e4 Nxc3 6. bxc3 Bg7 7. Nf3 c5 8. Bb5+ Nc6 9. O-O cxd4 10. cxd4 O-O 11. Bxc6 bxc6 12. Qc2 Bg4 13. Ne5 Qxd4 14. Bb2 Qb4 15. Rab1 Bxe5 16. Bxe5 Qa5 17. Bc3 Qc5 18. Qb2 Rfd8 19. Bb4 Qg5 20. f4 Qb5 21. Bxe7 Re8 22. Qf6 Qd3 23. f5 Bxf5 24. Rbe1 Be6 25. Bb4 Qd8 26. Qf2 h5 27. Bc3 Bc4 28. Qe3 Qb6 29. Bd4 Qd8 30. Rf2 Kh7 31. Ba1 Be6 32. Ref1 Qb6 33. Bd4 Qb7 34. Qg5 Rg8 35. Be3 c5 36. Qh6# 1-0


[Site "https://www.chess.com"]

[Event "Titled Tuesday Blitz October 31 Early 2023"]
[White "Makarian, Rudik"]
[Black "Ashraf, Artin"]
[WhiteFideId "44105681"]
[BlackFideId "22514805"]
[WhiteElo "3034"]
[BlackElo "2845"]
[Result "1-0"]
[Round "9"]
[TimeControl "180+1"]
[Date "2023.10.31"]
[WhiteClock "0:00:33"]
[BlackClock "0:00:13"]
[Board "11"]

1. d4 Nf6 2. c4 e6 3. Nf3 d5 4. g3 Bb4+ 5. Bd2 Be7 6. Bg2 O-O 7. Qc2 Nbd7 8. O-O c6 9. Bf4 a5 10. Rd1 h6 11. Nc3 dxc4 12. Nd2 Nb6 13. e4 a4 14. a3 Bd7 15. Nf3 c5 16. d5 exd5 17. exd5 Re8 18. d6 Bf8 19. Ne5 Qc8 20. Ne4 Bf5 21. d7 Nbxd7 22. Nxd7 Nxd7 23. Qxc4 Nb6 24. Qb5 Bxe4 25. Qxb6 Bxg2 26. Kxg2 Ra6 27. Qb5 Qc6+ 28. Qxc6 Rxc6 29. Bd2 Rd8 30. Ba5 Rxd1 31. Rxd1 Rd6 32. Re1 Re6 33. Rd1 Bd6 34. f4 g6 35. Kf3 f5 36. Rd5 Be7 37. Rd7 b6 38. Bc3 Kf7 39. Be5 Ke8 40. Ra7 Bd6 41. Bc3 g5 42. Rxa4 g4+ 43. Kf2 Re7 44. Ra8+ Kd7 45. Rh8 b5 46. Rxh6 b4 47. axb4 cxb4 48. Rxd6+ 1-0


[Site "https://www.chess.com"]

[Event "Titled Tuesday Blitz October 31 Early 2023"]
[White "Molina, Roberto Junio Brito"]
[Black "Ilamparthi A R"]
[WhiteFideId "2109450"]
[BlackFideId "45015775"]
[WhiteElo "2836"]
[BlackElo "2924"]
[Result "0-1"]
[Round "9"]
[TimeControl "180+1"]
[Date "2023.10.31"]
[WhiteClock "0:00:02"]
[BlackClock "0:00:13"]
[Board "12"]

1. d4 Nf6 2. c4 g6 3. Nc3 Bg7 4. e4 O-O 5. Nf3 d6 6. Be2 e5 7. O-O Nc6 8. d5 Ne7 9. b4 a5 10. Ba3 axb4 11. Bxb4 Nh5 12. Re1 b6 13. a4 f5 14. exf5 Nxf5 15. Ne4 Nf4 16. Bf1 Nd4 17. Nxd4 exd4 18. a5 bxa5 19. Rxa5 Rb8 20. Bd2 Qh4 21. f3 Bf5 22. Ra7 d3 23. g3 Nh3+ 24. Kg2 Qh5 25. Bxd3 Bd4 26. Ra2 Bxe4 27. Bxe4 Nf2 28. Qe2 Qh3+ 29. Kg1 0-1


[Site "https://www.chess.com"]

[Event "Titled Tuesday Blitz October 31 Early 2023"]
[White "Pakleza, Zbigniew"]
[Black "Xu, Xiangyu"]
[WhiteFideId "1119290"]
[BlackFideId "8608288"]
[WhiteElo "2822"]
[BlackElo "2920"]
[Result "0-1"]
[Round "9"]
[TimeControl "180+1"]
[Date "2023.10.31"]
[WhiteClock "0:00:00"]
[BlackClock "0:00:30"]
[Board "13"]

1. d4 Nf6 2. Nf3 d5 3. Bf4 c5 4. c3 cxd4 5. cxd4 Nc6 6. Nc3 Bf5 7. Qb3 Na5 8. Qa4+ Bd7 9. Qc2 e6 10. e3 Rc8 11. Bd3 Be7 12. O-O Nh5 13. Be5 f6 14. Bxh7 fxe5 15. Nxe5 Bf6 16. Qg6+ Ke7 17. Qf7+ Kd6 18. Qxh5 Be8 19. Nb5+ Ke7 20. Ng6+ Bxg6 21. Qxg6 Qb6 22. a4 a6 23. Na3 Qxb2 24. Rfb1 Qe2 25. Qd3 Qh5 26. Qd2 Qxh7 27. Qxa5 Qxh2+ 28. Kf1 Rc7 29. Ke2 Rhc8 30. Rg1 Kf7 31. Qd2 Qh7 32. g4 Rc2 33. Nxc2 Rxc2 34. g5 Rxd2+ 35. Kxd2 Qf5 36. gxf6 Qxf2+ 37. Kd3 gxf6 38. Rab1 b5 39. axb5 axb5 40. Rgc1 Qg2 41. Rxb5 e5 42. dxe5 fxe5 43. Rbc5 Ke6 44. Rc6+ Kf5 45. Rc8 e4+ 46. Kc3 Qe2 47. Rf8+ Ke6 48. Rcf1 Qxe3+ 49. Kb4 Qd4+ 50. Kb5 e3 51. Re8+ Kd7 52. Rff8 Qc4+ 53. Kb6 Qc7+ 54. Kb5 e2 55. Rxe2 Qc4+ 0-1


[Site "https://www.chess.com"]

[Event "Titled Tuesday Blitz October 31 Early 2023"]
[White "Erdogmus, Yagiz Kaan"]
[Black "Vakhlamov, Igor L."]
[WhiteFideId "44599790"]
[BlackFideId "24126748"]
[WhiteElo "2917"]
[BlackElo "2822"]
[Result "0-1"]
[Round "9"]
[TimeControl "180+1"]
[Date "2023.10.31"]
[WhiteClock "0:00:06"]
[BlackClock "0:00:43"]
[Board "14"]

1. d4 d5 2. c4 e6 3. Nf3 Nf6 4. Nc3 c5 5. cxd5 cxd4 6. Qxd4 Nxd5 7. e4 Nxc3 8. Qxc3 Nc6 9. Bb5 Qb6 10. Nd4 Bd7 11. Bxc6 Bb4 12. Bxd7+ Kxd7 13. Bd2 Bxc3 14. Bxc3 Rhd8 15. Nb3 Qb5 16. f3 f6 17. Nd4 Qd3 18. Kf2 Ke7 19. Rhd1 Qa6 20. a4 Rd7 21. Bb4+ Kf7 22. Bc3 Rad8 23. Rd2 Qc4 24. Rad1 Qxa4 25. b3 Qa6 26. Ra2 Qd6 27. Rc1 Qb6 0-1


[Site "https://www.chess.com"]

[Event "Titled Tuesday Blitz October 31 Early 2023"]
[White "Sokolovsky, Yahli"]
[Black "Pranav Anand"]
[WhiteFideId "2820242"]
[BlackFideId "46626786"]
[WhiteElo "2794"]
[BlackElo "2913"]
[Result "0-1"]
[Round "9"]
[TimeControl "180+1"]
[Date "2023.10.31"]
[WhiteClock "0:01:02"]
[BlackClock "0:01:16"]
[Board "15"]

1. b3 a5 2. Bb2 a4 3. b4 e6 4. a3 Nf6 5. c4 d5 6. c5 b6 7. d4 Be7 8. Nf3 O-O 9. e3 bxc5 10. dxc5 Ne4 11. Nbd2 Bf6 12. Ne5 Nd7 13. Nxe4 Bxe5 14. Nc3 Qh4 15. Nxa4 Bb7 16. Bb5 c6 17. Bd3 Rxa4 18. Qxa4 Bxb2 19. Ra2 Bc3+ 20. Ke2 Qg4+ 21. Kf1 Nxc5 22. Qc2 Nxd3 23. Qxd3 Ba6 0-1


[Site "https://www.chess.com"]

[Event "Titled Tuesday Blitz October 31 Early 2023"]
[White "Henriquez Villagra, Cristobal"]
[Black "Saydaliev, Saidakbar"]
[WhiteFideId "3409350"]
[BlackFideId "14203693"]
[WhiteElo "2897"]
[BlackElo "2786"]
[Result "1-0"]
[Round "9"]
[TimeControl "180+1"]
[Date "2023.10.31"]
[WhiteClock "0:00:03"]
[BlackClock "0:00:06"]
[Board "16"]

1. d4 Nf6 2. Nd2 d5 3. c3 g6 4. Nb3 Bg7 5. Bf4 O-O 6. h3 a5 7. a4 b6 8. Nf3 Ba6 9. Nc1 c5 10. Nd3 Ne4 11. e3 Nc6 12. Be2 cxd4 13. exd4 b5 14. axb5 Bxb5 15. O-O Qb6 16. Re1 Bxd3 17. Bxd3 Qxb2 18. Rxe4 dxe4 19. Bxe4 Rac8 20. Bd2 e6 21. Ne1 Ne7 22. Rxa5 Rfd8 23. Nd3 Qb6 24. Qa4 f5 25. Rb5 Qd6 26. Bf3 Nd5 27. Bxd5 exd5 28. Rb7 Qc6 29. Qa7 Bf6 30. Rxh7 Qe8 31. Bg5 Ra8 32. Qc7 Rac8 33. Bxf6 Rxc7 34. Rxc7 Rd7 35. Rc5 Rd6 36. Be5 Rc6 37. Rxd5 Rxc3 38. Nf4 g5 39. Ne2 Rc2 40. Ng3 f4 41. Ne4 Rc1+ 42. Kh2 Qa4 43. Nxg5 Kf8 44. Bxf4 Rd1 45. Be3 Qc6 46. Re5 Qc2 47. h4 Qb1 48. Kg3 Rh1 49. Nf3 Qg6+ 50. Bg5 Qc2 51. Re1 Rxe1 52. Nxe1 Qc3+ 53. Nf3 Qd3 54. h5 Kg7 55. h6+ Kg6 56. Be3 Qe4 57. Kh2 Qd5 58. Ng1 Qe4 59. Nh3 Qh4 60. f3 Qe1 61. Bf4 Qd1 62. Be3 Qe1 63. Bf4 Qh4 64. d5 Kf5 65. d6 Ke6 66. Bg5 Qh5 67. Bf4 Kd7 68. Kg1 Qh4 69. Kf1 Qf6 70. Kf2 Qd4+ 71. Kg3 Qf6 72. Kg4 Qg6+ 73. Kh4 Qf6+ 74. Kh5 Qf5+ 75. Kh4 Qg6 76. Bg5 Ke6 77. g4 Kxd6 78. f4 Qc2 79. f5 Ke5 80. Bf4+ Kf6 81. Bg5+ Kf7 82. Bf4 Qd1 83. Kg5 Qd8+ 84. Kh5 Qd1 85. Ng5+ Kf6 86. Ne4+ Kf7 87. Ng3 Qd7 88. Be5 Qd1 89. h7 Qd2 90. h8=Q Qh2+ 91. Kg5 Qd2+ 92. Bf4 Qd8+ 93. Qxd8 1-0


[Site "https://www.chess.com"]

[Event "Titled Tuesday Blitz October 31 Early 2023"]
[White "Svane, Frederik"]
[Black "mind1mover"]
[WhiteFideId "12923044"]
[WhiteElo "2879"]
[BlackElo "2776"]
[Result "1-0"]
[Round "9"]
[TimeControl "180+1"]
[Date "2023.10.31"]
[WhiteClock "0:00:28"]
[BlackClock "0:00:00"]
[Board "17"]

1. g3 Nc6 2. Bg2 Nf6 3. d4 g6 4. e4 d6 5. Nc3 a6 6. Nge2 Bg7 7. O-O O-O 8. h3 e5 9. Be3 Re8 10. Qd2 exd4 11. Nxd4 Ne5 12. Qe2 c5 13. Nf3 Nxf3+ 14. Qxf3 Be6 15. Rad1 Qc7 16. b3 Nd7 17. Nd5 Qa5 18. a4 b5 19. axb5 axb5 20. Bf4 Ne5 21. Qe3 Qd8 22. Bg5 f6 23. Bh6 Nc6 24. Bxg7 Kxg7 25. Rd2 Ra2 26. Nc3 Ra5 27. Rfd1 Nd4 28. Ne2 Nxe2+ 29. Qxe2 Ra6 30. Qxb5 Rb6 31. Qa5 Qb8 32. Rd3 c4 33. bxc4 Bxc4 34. Rd4 Bf7 35. Qd2 Rc8 36. h4 Rb2 37. Rc1 Qc7 38. Rxd6 Rxc2 39. Rxc2 Qxc2 40. Qd4 Qc1+ 41. Kh2 Qc3 42. Qb6 Re8 43. Rd7 Qe5 44. Qa7 Rf8 45. Qb7 Kg8 46. Bf1 Qc3 47. Kg2 1-0


[Site "https://www.chess.com"]

[Event "Titled Tuesday Blitz October 31 Early 2023"]
[White "Kazakouski, Valery"]
[Black "Chinguun, Sumiya"]
[WhiteFideId "13507443"]
[BlackFideId "4902572"]
[WhiteElo "2878"]
[BlackElo "2665"]
[Result "0-1"]
[Round "9"]
[TimeControl "180+1"]
[Date "2023.10.31"]
[WhiteClock "0:00:03"]
[BlackClock "0:00:41"]
[Board "18"]

1. Nf3 Nf6 2. c4 g6 3. d4 Bg7 4. g3 O-O 5. Bg2 d6 6. O-O c6 7. Nc3 Bf5 8. Ng5 h6 9. e4 Bg4 10. Nf3 Nbd7 11. h3 Bxf3 12. Bxf3 e5 13. d5 c5 14. a3 Nh7 15. b4 Rc8 16. Be2 f5 17. Kg2 f4 18. Nb5 Qb6 19. Bg4 Nhf6 20. Be6+ Kh7 21. bxc5 Rxc5 22. Qd3 a6 23. Nc3 Qb3 24. Bd2 Qxc4 25. Qxc4 Rxc4 26. Bxd7 Nxd7 27. Rfb1 b5 28. Rb4 Rfc8 29. Rxc4 Rxc4 30. f3 Nc5 31. Rb1 h5 32. g4 Bf6 33. Kf1 Bd8 34. Rb4 Ba5 35. Rxc4 bxc4 36. Ke2 Nb3 37. Nb1 Nxd2 38. Nxd2 Bxd2 39. Kxd2 hxg4 40. hxg4 Kh6 41. Kc3 Kg5 42. Kxc4 Kh4 0-1


[Site "https://www.chess.com"]

[Event "Titled Tuesday Blitz October 31 Early 2023"]
[White "Krzyzanowski, Marcin"]
[Black "Galchenko, Matvey"]
[WhiteFideId "1132199"]
[BlackFideId "24175480"]
[WhiteElo "2751"]
[BlackElo "2918"]
[Result "0-1"]
[Round "9"]
[TimeControl "180+1"]
[Date "2023.10.31"]
[WhiteClock "0:00:01"]
[BlackClock "0:00:33"]
[Board "19"]

1. e4 e6 2. d4 d5 3. Nc3 Bb4 4. exd5 exd5 5. Bd3 Nc6 6. a3 Ba5 7. Ne2 Nge7 8. O-O O-O 9. Ng3 Re8 10. Qh5 Ng6 11. Bg5 Qd6 12. b4 Bb6 13. Nb5 Qf8 14. Be3 a6 15. Nc3 Bxd4 16. Bxd4 Nxd4 17. Nxd5 Qd6 18. Ne3 Bd7 19. Rad1 Ba4 20. Bxg6 hxg6 21. Qg4 Rad8 22. c3 Bxd1 23. Rxd1 Ne2+ 24. Qxe2 Qxd1+ 25. Nxd1 Rxe2 26. Kf1 Ra2 27. Ne3 Rxa3 28. Ne4 Re8 29. Nc5 b6 30. Nd3 Rxc3 31. Nf4 Rcxe3 32. fxe3 Rxe3 33. Nd5 Rb3 34. Ke2 c5 35. bxc5 bxc5 36. g3 a5 37. Kd2 a4 38. Kc2 c4 39. Ne7+ Kf8 40. Nd5 a3 41. Nf4 a2 0-1


[Site "https://www.chess.com"]